 Dungeon Crawl Stone Soup version 0.30-a0-800-g7c544603b3 (webtiles) character file.

Game seed: 15028832233624476413

525 BubbleThief the Tainter (level 7, 0/64 HPs)
             Began as a Naga Venom Mage on Feb 22, 2023.
             Slain by a gnoll
             ... wielding a +0 whip
             ... led by a gnoll bouda
              (5 damage)
             ... on level 4 of the Dungeon.
             The game lasted 00:07:44 (3873 turns).

BubbleThief the Tainter (Naga Venom Mage)           Turns: 3873, Time: 00:07:45

Health: 0/64       AC:  5    Str: 11    XL:     7   Next: 23%
Magic:  0/11       EV:  9    Int: 15    God:
Gold:   190        SH:  0    Dex: 13    Spells: 4/12 levels left

rFire   . . .      SeeInvis +    g - +0 quarterstaff
rCold   . . .      Faith    .    (shield currently unavailable)
rNeg    . . .      Spirit   .    r - +2 leather armour {rPois}
rPois   +          Reflect  .    (no helmet)
rElec   .          Harm     .    (no cloak)
rCorr   .          Rampage  .    (no gloves)
Will    +....                    (no barding)
Stlth   ++                       (no amulet)
HPRegen 0.30/turn                m - ring of willpower
MPRegen 0.12/turn                (no ring)

@: short of breath, very slow
A: AC +2, large, see invisible, deformed body, poison resistance, slowness 2,
spit poison 1, naga tail 1
a: Spit Poison


You were on level 4 of the Dungeon.
You visited 1 branch of the dungeon, and saw 4 of its levels.

You collected 285 gold pieces.
You spent 95 gold pieces at shops.

Inventory:

Hand Weapons
 g - a +0 quarterstaff (weapon)
Missiles
 j - 3 silver javelins
Armour
 r - a +2 leather armour of poison resistance (worn)
Jewellery
 m - a ring of willpower (left hand)
Wands
 p - a wand of mindburst (30)
Scrolls
 a - a scroll of magic mapping {unknown}
 f - 2 scrolls of blinking {unknown}
 i - a scroll of teleportation {unknown}
 k - 2 scrolls of identify {unknown}
 l - a scroll of amnesia {unknown}
 n - a scroll of enchant weapon {unknown}
 q - a scroll of vulnerability {unknown}
 t - a scroll of enchant armour {unknown}
 u - a scroll of poison {unknown}
Potions
 b - a potion of magic
 c - a potion of mutation {unknown}
 d - a potion of curing
 e - 3 potions of flight {unknown}
 h - 2 potions of might {unknown}
 o - a potion of invisibility {unknown}
 s - a potion of resistance {unknown}


   Skills:
 + Level 4.2 Fighting
 - Level 1.5 Dodging
 - Level 3.0 Stealth
 - Level 3.0 Spellcasting
 - Level 1.0 Transmutations
 - Level 8.0 Poison Magic


You had 4 spell levels left.
You knew the following spells:

 Your Spells              Type           Power      Damage    Failure   Level
a - Sting                 Tmut/Pois      60%        1d6       4%          1
b - Mephitic Cloud        Conj/Pois/Air  10%        N/A       26%         3
c - Olgreb's Toxic Radia  Pois           26%        N/A       10%         4

Your spell library contained the following spells:

 Spells                   Type           Power      Damage    Failure   Level
 Poisonous Vapours        Pois/Air       28%        N/A       8%          2
 Sandblast                Erth           4%         2d4       26%         1
 Passwall                 Tmut/Erth      2%         N/A       32%         2
 Stone Arrow              Conj/Erth      4%         3d7       61%         3
 Airstrike                Air            1%         2d(1-17)  95%         4
 Summon Lightning Spire   Summ/Air       2%         N/A       95%         4
 Lightning Bolt           Conj/Air       1%         1d12      100%        5


Dungeon Overview and Level Annotations

Branches:
Dungeon (4/15)
 Temple: D:4-7

Altars:
Trog

Shops:
D:3 [

Annotations:
D:3 1 runed translucent door, hgbash's ghost, amateur OpCj


Innate Abilities, Weirdness & Mutations

Your serpentine skin is tough. (AC +2)
You have supernaturally acute eyesight. (SInv)
Armour fits poorly on your strangely shaped body.
Your system is resistant to poisons. (rPois)
You cover ground very slowly.
You can spit poison.
You have a snake-like lower body.


Message History

The gnoll is healed somewhat.
You closely miss the gnoll bouda.
The gnoll bouda is severely wounded.
The gnoll is no longer moving quickly.
The gnoll hits you with a +0 club.
The gnoll bouda hits you but does no damage.
The gnoll hits you with a +0 club.
You hit the gnoll bouda.
You kill the gnoll bouda!
Aiming: Spit Poison (1% risk of failure)
Press: ? - help, Shift-Dir - straight line, f - gnoll
Aim: a gnoll, wielding a +0 club (lightly wounded, covering ground quickly, 65% to hit)
The splash of poison hits the gnoll.
The gnoll is poisoned.
The gnoll is moderately wounded.
The gnoll hits you with a +0 club!
The gnoll hits you from afar with a +0 spear!
The gnoll hits you with a +0 whip.
* * * LOW HITPOINT WARNING * * *
Your magical contamination has completely faded away.
You barely miss the gnoll.
The gnoll is heavily wounded.
The gnoll completely misses you. The gnoll closely misses you.
The gnoll hits you with a +0 whip.
* * * LOW HITPOINT WARNING * * *
The gnoll closely misses you.
You barely miss the gnoll.
The gnoll is heavily wounded.
The gnoll is no longer moving quickly.
The gnoll hits you from afar with a +0 spear.
* * * LOW HITPOINT WARNING * * *
The gnoll hits you with a +0 whip.
* * * LOW HITPOINT WARNING * * *
The gnoll hits you but does no damage.
Aiming: Sting (safe; 4% risk of failure)
Press: ? - help, Q - select action, (/) - cycle Shift-Dir - straight line, f/p - gnoll
Aim: a gnoll, wielding a +0 club (severely wounded, poisoned, 77% to hit)
The sting hits the gnoll.
The gnoll looks even sicker.
The gnoll is almost dead.
You kill the gnoll!
The gnoll is no longer moving quickly.
The gnoll hits you with a +0 whip.
You die...

#.# #...... #..
#.# #>..).. ..#
#######.###..
..#
#............
##.#
##.######.##..
.).
..............
#g#
#.###..#.###>
#g#### #..#.#
#. #@)..#
#..#.# #.
####.#.###..#.#
#.
#.#.....†..###.
#.#####.....##.
#.# #.###.##.
#.# #.# #.##.
#.# #.# #.##.
#.# #.###.##†
#.# #........


You could see 2 gnolls.

Vanquished Creatures
  A scorpion (D:4)
  A hound (D:4)
  5 orc priests
  2 gnoll boudas
  Terence (D:1)
  7 gnolls
  4 adders
  2 shadow imps (D:3)
  A worm (D:3)
  4 dart slugs
  4 orcs
  7 endoplasms
  7 giant cockroaches
  9 goblins
  3 hobgoblins
  3 jackals (D:2)
  9 kobolds
  5 quokkas
  8 ball pythons
  4 bats
  4 frilled lizards
  4 rats
95 creatures vanquished.

Notes
Turn   | Place    | Note
-------+----------+-------------------------------------------
     0 | D:1      | BubbleThief the Naga Venom Mage began the quest for the
                  | Orb.
     0 | D:1      | Reached XP level 1. HP: 15/15 MP: 3/3
   140 | D:1      | Reached XP level 2. HP: 19/22 MP: 1/5
   434 | D:1      | Reached skill level 5 in Poison Magic
   476 | D:1      | Reached XP level 3. HP: 22/28 MP: 4/6
   543 | D:1      | Learned a level 3 spell: Mephitic Cloud
  1088 | D:2      | Found a bloodstained altar of Trog.
  1275 | D:2      | Found a faded altar of an unknown god.
  1379 | D:2      | Reached XP level 4. HP: 36/36 MP: 6/8
  1388 | D:2      | Learned a level 4 spell: Olgreb's Toxic Radiance
  1421 | D:2      | Noticed Terence
  1458 | D:1      | Killed Terence
  1459 | D:1      | Reached skill level 6 in Poison Magic
  2314 | D:3      | Reached XP level 5. HP: 42/42 MP: 9/9
  2459 | D:3      | Found a transporter.
  2498 | D:3      | Found a transporter.
  2561 | D:3      | Found Gupeiwykh's Antique Armour Boutique.
  2839 | D:3      | Reached skill level 7 in Poison Magic
  3084 | D:3      | Found a runed translucent door.
  3084 | D:3      | Noticed hgbash's ghost (amateur OpCj)
  3157 | D:3      | Reached skill level 8 in Poison Magic
  3157 | D:3      | Reached XP level 6. HP: 27/49 MP: 1/10
  3185 | D:3      | Reached skill level 1 in Fighting
  3493 | D:3      | Bought a glowing leather armour for 95 gold pieces
  3862 | D:4      | Reached XP level 7. HP: 56/64 MP: 4/11
  3873 | D:4      | Slain by a gnoll

Illustrated notes

Levels and vault maps discovered:
D:1:      co_arrival_random_square_maze, layout_loops_ring
D:2:      layout_loops_ring, hellmonk_ecumenical_altar_blasted, basic_altar,
          kennysheep_donut, uniq_terence
D:3:      gammafunk_wand_slinger, layout_loops_corners, serial_shops, shop,
          gammafunk_ghost_grave
D:4:      layout_loops_ring

Skill      XL: |  1  2  3  4  5  6 |
---------------+-------------------+-----
Poison Magic   | 5 6 8 |  8.0
Spellcasting   | 3 |  3.0
Fighting       | 4 |  4.2
Dodging        | |  1.5
Stealth        | |  3.0
Transmutations | |  1.0

Action                     |  1- 3 |  4- 6 |  7- 9 || total
---------------------------+-------+-------+-------++-------
  Melee: Quarterstaff      |     7 |    20 |     7 ||    34
   Cast: Sting             |    34 |    43 |     2 ||    79
         Olgreb's Toxic Ra |       |     9 |       ||     9
Ability: Spit Poison       |    30 |    41 |     2 ||    73
 Armour: Robe              |     3 |     8 |       ||    11
         Leather armour    |       |     2 |     2 ||     4
  Dodge: Dodged            |    19 |    31 |     4 ||    54

Table legend: (Time is in decaauts)
 A = Elapsed time spent in this place.
 B = Non-inter-level travel time spent in this place.
 C = Inter-level travel time spent in this place.
 D = Time resting spent in this place.
 E = Time spent auto-exploring this place.
 F = Levels seen in this place.
 G = Mean time per level.
                   A        B        C        D        E       F      G
               +--------+--------+--------+--------+--------+-----+--------+
         Total |   4841 |   4594 |    247 |    296 |   3598 |   4 | 1210.2 |
       Dungeon |   4841 |   4594 |    247 |    296 |   3598 |   4 | 1210.2 |
               +--------+--------+--------+--------+--------+-----+--------+

Top non-repeatable levels by time:
     D:3: 1954 daAuts
     D:1: 1408 daAuts
     D:2: 1091 daAuts
     D:4: 387 daAuts
